 Dungeon Crawl Stone Soup version 0.31-a0-177-g4aa6249778 (webtiles) character file.

Game seed: 2938859464563579729

222 qw the Shooter (level 5, 0/47 (49) HPs)
             Began as a Naga Hunter on June 18, 2023.
             Slain by Crazy Yiuf
             ... wielding a +3 quarterstaff of chaos
              (6 damage)
             ... on level 4 of the Dungeon.
             The game lasted 00:01:17 (3531 turns).

qw the Shooter (Naga Hunter)                        Turns: 3531, Time: 00:01:18

HP:   0/47 (49)     AC:  7    Str: 13    XL:     5   Next: 99%
MP:   5/5           EV: 19    Int:  9    God:
Gold: 217           SH:  0    Dex: 17    Spells: 4/4 levels left

rFire   + + .        Y - melded +0 shortbow
rCold   + + .        (shield currently unavailable)
rNeg    + + +        e - melded +2 ring mail {rC+}
rPois   inf          (helmet currently unavailable)
rElec   +            (cloak currently unavailable)
rCorr   +            (gloves currently unavailable)
SInv    +            (no barding)
Will    .....        (amulet currently unavailable)
Stlth   ++           (ring currently unavailable)
HPRegen 0.27/turn    (ring currently unavailable)
MPRegen 0.09/turn

%: no passive effects
@: short of breath, wisp-form, flying, lightly drained
A: insubstantial, flying, no casting, AC +1, tiny, see invisible, (deformed
body), (poison resistance), (slowness 2), spit poison 1, (naga tail 1)
a: Spit Poison


You were on level 4 of the Dungeon.
You were an insubstantial wisp.
You visited 1 branch of the dungeon, and saw 4 of its levels.

You collected 217 gold pieces.


Innate Abilities, Weirdness & Mutations

You are an insubstantial wisp.
Your tiny insubstantial body is highly resistant to most damage types.
You are flying.
Your equipment is entirely melded.
You are incapable of wielding weapons or throwing items.
You cannot cast spells.
((Your serpentine skin is tough. (AC +1)))
You have supernaturally acute eyesight. (SInv)
((Armour fits poorly on your strangely shaped body.))
((Your system is resistant to poisons. (rPois)))
((You cover ground very slowly.))
You can spit poison.
((You have a snake-like lower body.))


   Skills:
 + Level 3.0 Fighting
 - Level 6.0 Ranged Weapons
 - Level 1.5 Dodging
 - Level 1.5 Stealth


You had 4 spell levels left.
You didn't know any spells.
Your spell library was empty.

Inventory:

Hand Weapons
 Y - a +0 shortbow (melded)
Armour
 e - a +2 ring mail of cold resistance (melded)
Scrolls
 c - a scroll of revelation {unknown}
 f - a scroll of enchant armour
 h - a scroll of identify
Potions
 a - a potion of attraction {unknown}
 b - a potion of brilliance {unknown}
 d - 2 potions of degeneration {unknown}
 i - a potion of curing {unknown}
 j - a potion of invisibility {unknown}

Dungeon Overview and Level Annotations

Branches:
Dungeon (4/15)
 Temple: D:4-7

Altars:
Fedhas
Kikubaaqudgha
Wu Jian
Yredelemnul
Zin

Annotations:
D:4 1 runed translucent door, Crazy Yiuf, Pikel


Message History

Aiming: Spit Poison (1% risk of failure)
Press: ? - help, Shift-Dir - straight line, f/p - Pikel The splash of poison hits Pikel.
Pikel is moderately wounded.
Your surroundings suddenly seem different.
Enter note:
Enter note:
Enter note:
Enter note:
Enter note:
Enter note:
Enter note:
Enter note:
Enter note: You shoot an arrow.
The arrow closely misses Crazy Yiuf.
Crazy Yiuf shouts!
Crazy Yiuf grits, "Race koolooloo sallow!"
Crazy Yiuf hits you with a +3 quarterstaff of chaos!
Crazy Yiuf yells, "Shower sing infinity!"
Crazy Yiuf hits you with a +3 quarterstaff of chaos.
You feel drained.
You shoot an arrow. The arrow barely misses Crazy Yiuf.
Crazy Yiuf says, "Cholesterol!"
Crazy Yiuf hits you with a +3 quarterstaff of chaos.
You shoot an arrow.
The arrow hits Crazy Yiuf but does no damage.
Crazy Yiuf hits you with a +3 quarterstaff of chaos.
You turn into an insubstantial wisp.
Your +0 shortbow melds into your body.
Your +2 ring mail of cold resistance melds into your body.
You feel less resistant to cold.
You touch Crazy Yiuf but do no damage.
You have got your breath back.
Crazy Yiuf misses you.
3531 ||| INVOKING Spit Poison.
Aiming: Spit Poison (1% risk of failure)
Press: ? - help, Shift-Dir - straight line, f/p - Crazy Yiuf The splash of poison hits Crazy Yiuf.
Crazy Yiuf is lightly wounded.
Crazy Yiuf hits you with a +3 quarterstaff of chaos.
You die...

##...# #.....# #.##.
##.## #####.###.##.
##.# #.##..... #.##
#........ ##.#
####..... #.## ##[###
##+## #.# #...# #.#
#..v# ##'## #).g#
##...## ##### ###
##.....# #.#
##.......
#########.###........
#.#.#.......'........
#.#.#.....###........
#.#.#...#.# ##.......
#.........# ##.....#


You could see Crazy Yiuf.

Vanquished Creatures
  An orc wizard (D:3)
  3 gnolls (D:4)
  5 adders
  3 worms
  6 dart slugs
  10 orcs
  7 endoplasms
  3 giant cockroaches
  11 goblins
  13 hobgoblins
  2 quokkas
  2 ball pythons
  8 bats
  3 frilled lizards
  9 kobolds
  8 rats
94 creatures vanquished.

Notes
Turn   | Place    | Note
-------+----------+-------------------------------------------
     0 | D:1      | qw the Naga Hunter began the quest for the Orb.
     0 | D:1      | Reached XP level 1. HP: 19/19 MP: 1/1
     0 | D:1      | 0 ||| qw: Version: 0.3-a-7-ge0c9b40
     0 | D:1      | 0 ||| qw: Game counter: 820
     0 | D:1      | 0 ||| qw: Always use a shield: true
     0 | D:1      | 0 ||| qw: God list: Okawaru
     0 | D:1      | 0 ||| qw: Allow faded altars: false
     0 | D:1      | 0 ||| qw: Do Orc after D:15 true
     0 | D:1      | 0 ||| qw: Do second Lair branch before Depths: true
     0 | D:1      | 0 ||| qw: Lair rune preference: random
     0 | D:1      | 0 ||| qw: Plans: Normal
     0 | D:1      | 0 ||| PLANNING D:1-11
    67 | D:1      | 67 ||| INVOKING Spit Poison.
    71 | D:1      | 71 ||| INVOKING Spit Poison.
   104 | D:1      | 104 ||| INVOKING Spit Poison.
   124 | D:1      | 124 ||| INVOKING Spit Poison.
   130 | D:1      | 130 ||| INVOKING Spit Poison.
   215 | D:1      | 215 ||| INVOKING Spit Poison.
   218 | D:1      | Reached skill level 4 in Ranged Weapons
   218 | D:1      | Reached XP level 2. HP: 25/26 MP: 2/2
   244 | D:1      | 244 ||| INVOKING Spit Poison.
   257 | D:1      | 257 ||| INVOKING Spit Poison.
   263 | D:1      | 263 ||| INVOKING Spit Poison.
   269 | D:1      | 269 ||| INVOKING Spit Poison.
   275 | D:1      | 275 ||| INVOKING Spit Poison.
   375 | D:1      | 375 ||| INVOKING Spit Poison.
   460 | D:1      | 460 ||| INVOKING Spit Poison.
   465 | D:1      | 465 ||| INVOKING Spit Poison.
   574 | D:1      | 574 ||| INVOKING Spit Poison.
   614 | D:1      | 614 ||| INVOKING Spit Poison.
   687 | D:1      | 687 ||| INVOKING Spit Poison.
   692 | D:1      | Reached XP level 3. HP: 32/32 MP: 3/3
   917 | D:1      | 917 ||| READING scroll labelled FACRIU IXTAKHA.
   975 | D:1      | 975 ||| READING scroll labelled GESUTT VONO.
   976 | D:1      | 976 ||| READING scroll labelled GOR SUGHEF GAO.
   977 | D:1      | 977 ||| READING scroll labelled ZEZIMOC XADA.
   978 | D:1      | 978 ||| READING 2 scrolls labelled SAOLONA KETRE.
   979 | D:1      | 979 ||| READING scroll labelled TURGHO ISUELL.
   980 | D:1      | 980 ||| READING scroll labelled ULANGE WUES.
   981 | D:1      | 981 ||| DROPPING scroll of butterflies.
  1022 | D:2      | 1022 ||| INVOKING Spit Poison.
  1095 | D:2      | 1095 ||| INVOKING Spit Poison.
  1106 | D:2      | 1106 ||| INVOKING Spit Poison.
  1133 | D:2      | 1133 ||| INVOKING Spit Poison.
  1175 | D:2      | 1175 ||| INVOKING Spit Poison.
  1232 | D:2      | 1232 ||| INVOKING Spit Poison.
  1243 | D:2      | 1243 ||| INVOKING Spit Poison.
  1273 | D:2      | 1273 ||| INVOKING Spit Poison.
  1280 | D:2      | 1280 ||| INVOKING Spit Poison.
  1284 | D:2      | 1284 ||| INVOKING Spit Poison.
  1288 | D:2      | 1288 ||| INVOKING Spit Poison.
  1293 | D:2      | 1293 ||| INVOKING Spit Poison.
  1480 | D:2      | 1480 ||| INVOKING Spit Poison.
  1561 | D:2      | Reached skill level 5 in Ranged Weapons
  1561 | D:2      | Reached XP level 4. HP: 39/39 MP: 4/4
  1598 | D:2      | 1598 ||| INVOKING Spit Poison.
  1601 | D:2      | 1601 ||| INVOKING Spit Poison.
  1632 | D:2      | 1632 ||| INVOKING Spit Poison.
  1638 | D:2      | 1638 ||| INVOKING Spit Poison.
  1690 | D:2      | 1690 ||| INVOKING Spit Poison.
  1800 | D:2      | 1800 ||| INVOKING Spit Poison.
  1820 | D:2      | 1820 ||| INVOKING Spit Poison.
  1826 | D:2      | 1826 ||| INVOKING Spit Poison.
  1955 | D:2      | 1955 ||| INVOKING Spit Poison.
  1960 | D:2      | 1960 ||| INVOKING Spit Poison.
  2035 | D:2      | 2035 ||| READING scroll labelled RISSOFO WOBBAL.
  2038 | D:2      | 2038 ||| READING scroll labelled JEVOECS EDAPIOMM.
  2039 | D:2      | 2039 ||| DRINKING 3 inky potions.
  2046 | D:3      | 2046 ||| INVOKING Spit Poison.
  2081 | D:3      | Found an ornate altar of the Wu Jian Council.
  2124 | D:3      | 2124 ||| INVOKING Spit Poison.
  2155 | D:3      | 2155 ||| INVOKING Spit Poison.
  2158 | D:3      | 2158 ||| INVOKING Spit Poison.
  2164 | D:3      | 2164 ||| INVOKING Spit Poison.
  2227 | D:3      | Reached skill level 3 in Fighting
  2277 | D:3      | 2277 ||| INVOKING Spit Poison.
  2291 | D:3      | 2291 ||| INVOKING Spit Poison.
  2306 | D:3      | 2306 ||| INVOKING Spit Poison.
  2314 | D:3      | 2314 ||| INVOKING Spit Poison.
  2355 | D:3      | 2355 ||| INVOKING Spit Poison.
  2361 | D:3      | 2361 ||| INVOKING Spit Poison.
  2373 | D:3      | HP: 1/42 [orc wizard/puff of flame (14)]
  2374 | D:3      | 2374 ||| DRINKING 2 potions of heal wounds.
  2375 | D:3      | 2375 ||| INVOKING Spit Poison.
  2377 | D:3      | Reached XP level 5. HP: 19/49 MP: 5/5
  2379 | D:3      | 2379 ||| INVOKING Spit Poison.
  2520 | D:3      | 2520 ||| INVOKING Spit Poison.
  2546 | D:3      | 2546 ||| INVOKING Spit Poison.
  2549 | D:3      | 2549 ||| INVOKING Spit Poison.
  2576 | D:3      | Found an ancient bone altar of Kikubaaqudgha.
  2579 | D:3      | Found a blossoming altar of Fedhas.
  2621 | D:3      | 2621 ||| INVOKING Spit Poison.
  2738 | D:3      | Found a glowing silver altar of Zin.
  2749 | D:3      | Found a basalt altar of Yredelemnul.
  2793 | D:3      | 2793 ||| INVOKING Spit Poison.
  2827 | D:3      | 2827 ||| UPGRADING to +2 ring mail of cold resistance.
  2837 | D:3      | 2837 ||| INVOKING Spit Poison.
  2841 | D:3      | 2841 ||| INVOKING Spit Poison.
  2855 | D:3      | 2855 ||| DROPPING +0 leather armour.
  2896 | D:4      | 2896 ||| INVOKING Spit Poison.
  2899 | D:4      | 2899 ||| INVOKING Spit Poison.
  2923 | D:4      | 2923 ||| INVOKING Spit Poison.
  2926 | D:4      | 2926 ||| INVOKING Spit Poison.
  2961 | D:4      | 2961 ||| INVOKING Spit Poison.
  2978 | D:4      | 2978 ||| INVOKING Spit Poison.
  2987 | D:4      | 2987 ||| INVOKING Spit Poison.
  3156 | D:4      | 3156 ||| INVOKING Spit Poison.
  3253 | D:4      | 3253 ||| INVOKING Spit Poison.
  3267 | D:4      | 3267 ||| INVOKING Spit Poison.
  3289 | D:4      | Found a runed translucent door.
  3290 | D:4      | Noticed Crazy Yiuf
  3314 | D:4      | 3314 ||| INVOKING Spit Poison.
  3434 | D:4      | 3434 ||| INVOKING Spit Poison.
  3456 | D:4      | 3456 ||| INVOKING Spit Poison.
  3460 | D:4      | 3460 ||| INVOKING Spit Poison.
  3472 | D:4      | 3472 ||| INVOKING Spit Poison.
  3478 | D:4      | Reached skill level 6 in Ranged Weapons
  3505 | D:4      | 3505 ||| INVOKING Spit Poison.
  3512 | D:4      | Noticed a lemure
  3512 | D:4      | Noticed a lemure
  3512 | D:4      | Noticed Pikel
  3513 | D:4      | 3513 ||| INVOKING Spit Poison.
  3515 | D:4      | Noticed a lemure
  3516 | D:4      | 3516 ||| INVOKING Spit Poison.
  3522 | D:4      | 3522 ||| INVOKING Spit Poison.
  3523 | D:4      | HP: 11/49 [Pikel/+0 whip of flaming (4)]
  3524 | D:4      | 3524 ||| READING scroll of teleportation.
  3525 | D:4      | 3525 ||| DRINKING potion of heal wounds.
  3526 | D:4      | 3526 ||| INVOKING Spit Poison.
  3528 | D:4      | HP: 11/47 [Crazy Yiuf/+3 quarterstaff of chaos (2)]
  3529 | D:4      | HP: 5/47 [Crazy Yiuf/+3 quarterstaff of chaos (6)]
  3531 | D:4      | 3531 ||| INVOKING Spit Poison.
  3531 | D:4      | Slain by Crazy Yiuf

Levels and vault maps discovered:
D:1:      dpeg_arrival_rhombi, layout_loops_corners, minmay_misc_feat_square
D:2:      layout_basic, serial_forest, infiniplex_forest_clump_double,
          infiniplex_forest_clump_curved, infiniplex_forest_end_3,
          infiniplex_forest_fountain, infiniplex_forest_clump_cross,
          infiniplex_forest_straight_1, palyth_stone_intersect,
          kennysheep_minor_cross, minmay_misc_feat_enclosed
D:3:      layout_loops_cross, grunt_temple_overflow_growth_and_decay,
          old_standard_altar, amethyst_overflow_temple_binary
D:4:      layout_loops_corners, uniq_pikel, uniq_crazy_yiuf_cottage

Skill      XL: |  1  2  3  4  5 |
---------------+----------------+-----
Ranged Weapons | 4 5 6 |  6.0
Fighting       | 3 |  3.0
Dodging        | |  1.5
Stealth        | |  1.5

Action                     |  1- 3 |  4- 6 || total
---------------------------+-------+-------++-------
  Melee: Unarmed           |       |     1 ||     1
   Fire: Shortbow          |    81 |   118 ||   199
Ability: Spit Poison       |    30 |    51 ||    81
    Use: Scroll            |     7 |     3 ||    10
         Potion            |       |     3 ||     3
 Armour: Leather armour    |     9 |     5 ||    14
         Ring mail         |       |    14 ||    14
  Dodge: Dodged            |    19 |    32 ||    51

Table legend:
 A = Non-vault XP
 B = Vault XP
 C = Vault XP percentage of total XP
 D = Non-vault monster count
 E = Vault monster count
 F = Vault count percentage of total count
                 A         B        C        D         E       F
            +---------+---------+-------+---------+---------+-------
      Total |     318 |       0 |   0.0 |      94 |       0 |   0.0
            +---------+---------+-------+---------+---------+-------
        D:1 |      38 |       0 |   0.0 |      24 |       0 |   0.0
        D:2 |      75 |       0 |   0.0 |      26 |       0 |   0.0
        D:3 |     111 |       0 |   0.0 |      25 |       0 |   0.0
        D:4 |      94 |       0 |   0.0 |      19 |       0 |   0.0
            +---------+---------+-------+---------+---------+-------
